[Event "*** Titled Tuesday 3|2 Blitz (Early)"]
[Site "Chess.com"]
[Date "2017.01.03"]
[Round "5"]
[White "gmsakk"]
[Black "pKiLz5Rn9b"]
[Result "1-0"]
[WhiteElo "2477"]
[BlackElo "2483"]
[TimeControl "180+2"]
[EndTime "12:04:20 PST"]
[Termination "gmsakk won by resignation"]

1. d4 e6 2. c4 Nf6 3. Nf3 b6 4.
g3 Bb7 5. Bg2 Be7 6. Nc3 O-O 7. Qc2 Na6 8. a3 d5 9. Ne5 c5 10. dxc5 Nxc5 11. O-O Rc8 12. Rd1 Qe8 13. cxd5 exd5 14. Nxd5 Nxd5 15. Bxd5 Bxd5 16. Rxd5 Bd6 17.
Rxd6 Qxe5 18. Bf4 Qh5 19. Rad1 Rfe8 20. Be3 h6 21. R6d5 Qg4 22. f3 Qe6 23. Bxc5 bxc5 24.
e4 Qf6 25. Qc3 Qb6 26. Rd6 Qb5 27. R1d2 Rb8 28. Kg2 Qa4 29. Rd7 c4 30. Qd4 a6 31.
Qd5 Rf8 32. Rc7 Qb3 33. Qxc4 Qe3 34. Qe2 Qb6 35. Rcd7 a5 36. Qf2 Qb5 37. R7d5 Qa4 38. Qc5 Ra8 39. Qd4 Qb3 40. e5 a4 41. Qe4 Rac8 42.
e6 fxe6 43. Qxe6+ Kh8 44. f4 Rce8 45. Qg4 Qe3 46. Qf3 Qe1 47. f5 Qe7 48. Rd6 Qe5 49. Ra6 Rb8 50. Rxa4 Rxb2 51. Rxb2 Qxb2+ 52. Kh3 Qb8 53. Rf4 Qc8 54. a4 g5 55. Re4 Qxf5+ 56. Qxf5 Rxf5 57.
Kg4 Ra5 58. Kh5 Kg7 59. Re7+ Kf6 60. Re4 Kg7 61. Rb4 Ra6 62. Rb7+ Kf6 63. Rb4 Kf5 64.
g4+ Ke5 65. Rb5+ Kf4 66. a5 Rc6 67. Rb6 Rc2 68. Rf6+ Ke5 69. Rf5+ Ke4 70. Kxh6 Rxh2+ 71. Kxg5 Ra2 72. Kf6 Rc2 73. Rf1 Rc6+ 74. Kg7 Ra6 75. Rf5 Rc6 76. Kh7 Ra6 77. Kg7 Rc6 78. Rf1 Ra6 79. g5 Rxa5 80. g6 Ke5 81. Kh7 Ra7+ 82. g7 1-0

[Event "*** Titled Tuesday 3|2 Blitz (Early)"]
[Site "Chess.com"]
[Date "2017.01.03"]
[Round "5"]
[White "Pierrebl"]
[Black "AndrBaryshpolets"]
[Result "0-1"]
[WhiteElo "2468"]
[BlackElo "2431"]
[TimeControl "180+2"]
[EndTime "12:04:25 PST"]
[Termination "AndrBaryshpolets won on time"]

1. e4 e5 2. Nf3 Nc6 3. Bb5 Nf6 4.
O-O Nxe4 5. Qe2 Nd6 6. Bxc6 dxc6 7. Qxe5+ Qe7 8. Qa5 Qd8 9. Qc3 Qf6 10. Re1+ Be7 11.
Qxf6 gxf6 12. d3 h5 13. Nc3 Bg4 14. Nh4 Kd7 15. Bf4 Be6 16. g3 Rag8 17. Ne4 b6 18. c4 f5 19. Nxd6 cxd6 20. Nf3 h4 21. Kg2 Bf6 22. Rab1 b5 23. b3 h3+ 24. Kf1 Rb8 25. Be3 c5 26. Rbd1 Kc6 27. Bf4 a5 28. d4 bxc4 29. dxc5 d5 30. bxc4 Rbd8 31. Nd4+ Bxd4 32.
Rxd4 Kxc5 33. Be3 Kc6 34. cxd5+ Rxd5 35. Rc1+ Kd7 36. Rxd5+ Bxd5 37. Rc5 Ke6 38. Rxa5 Rb8 39. Ra6+ Kd7 40. Ra7+ Ke8 41. a4 Bf3 42. Ke1 Rd8 43. Bd2 Rb8 44. Bc3 Rd8 45. Bd2 Rd3 46. Rc7 Ra3 47.
Rc3 Ra1+ 48. Bc1 Bg2 49. Rc4 Bd5 50. Rc5 Bb7 51. a5 Kd7 52. Ke2 Ra2+ 53. Ke3 Ra4 54. Bd2 Re4+ 55. Kd3 Ba6+ 56. Kc3 Ra4 57. Be3 Ra1 58.
Rxf5 Ke6 59. Rh5 Bf1 60. Rh6+ Kf5 61. Bb6 Bg2 62. Bd8 Rh1 63. Bc7 Rc1+ 64. Kb4 Rxc7 65. a6 Rc2 66. Ka5 Rxf2 67. a7 Ra2+ 68. Kb6 Kg5 69.
Rd6 Be4 70. Rd8 f5 71. Rg8+ Kf6 72. Rh8 Rxh2 73. a8=Q Bxa8 74. Rxa8 Rg2 75. Kc5 Rxg3 76. Kd4 Kg5 77. Rh8 Kf4 78. Rh4+ Kg5 79. Ke5 Kxh4 0-1

[Event "*** Titled Tuesday 3|2 Blitz (Early)"]
[Site "Chess.com"]
[Date "2017.01.03"]
[Round "5"]
[White "Mazetovic"]
[Black "Tash_Boy"]
[Result "1-0"]
[WhiteElo "2471"]
[BlackElo "2442"]
[TimeControl "180+2"]
[EndTime "12:04:47 PST"]
[Termination "Mazetovic won by resignation"]

1. e4 c5 2. Nf3 d6 3. d4 cxd4 4.
Nxd4 Nf6 5. f3 e5 6. Nb3 Be7 7. c4 a5 8. Nc3 a4 9. Nd2 Qa5 10.
Ndb1 O-O 11. Bd3 Nc6 12. O-O Bd8 13. Na3 Bb6+ 14. Kh1 Nd4 15. Ncb5 Bc5 16. Bd2 Qb6 17. Rb1 Nh5 18. Nxd4 Bxd4 19. Nc2 Bc5 20. b4 axb3 21. axb3 Qc7 22. b4 Bb6 23. Ne3 Nf4 24. Qc2 Ra3 25. Nd5 Nxd5 26. exd5 f5 27. c5 dxc5 28.
bxc5 Qxc5 29. Bb4 Qxc2 30. Bxc2 Ra2 31. Bxf8 Kxf8 32. Bxf5 Bxf5 33. Rxb6 Rd2 34. d6 Bd7 35. Rxb7 Rxd6 36. Re1 Kf7 37. h3 Kf6 38. Kh2 h6 39. Rb4 Rd5 40. Rb6+ Kf5 41. Re4 h5 42. h4 Rc5 43. Reb4 Bc6 44. Ra6 Rc2 45. Kg3 Bd5 46. Rb8 e4 47. Rf8+ Ke5 48. Re8+ Kd4 49. Ra4+ Ke3 50.
Raxe4+ Bxe4 51. Rxe4+ Kd3 52. Re7 g6 53. Re6 Rc5 54.
Rxg6 Ke2 55. Rg5 Rc2 56. Rxh5 Kf1 57. Ra5 Rxg2+ 58. Kf4 Rg8 59. Rg5 Rh8 60. Kg4 Kf2 61. h5 Ke3 62. Re5+ Kd4 63. f4 Rg8+ 64. Rg5 Rh8 65. Rg6 Kd5 66. f5 Ke5 67. h6 Rh7 68. Re6+ Kd5 69. Kg5 Rh8 70. Re7 1-0

[Event "*** Titled Tuesday 3|2 Blitz (Early)"]
[Site "Chess.com"]
[Date "2017.01.03"]
[Round "5"]
[White "PelinGorki"]
[Black "Gordima"]
[Result "1/2-1/2"]
[WhiteElo "2380"]
[BlackElo "2476"]
[TimeControl "180+2"]
[EndTime "12:05:42 PST"]
[Termination "Game drawn by repetition"]

1. e4 c5 2. Nf3 b6 3. d4 cxd4 4.
Nxd4 Bb7 5. Bd3 a6 6. c4 g6 7. Nc3 Bg7 8. Be3 d6 9. O-O Nd7 10. b4 Ngf6 11. h3 O-O 12. f4 e5 13.
Nde2 exf4 14. Bxf4 Ne5 15. Bxe5 dxe5 16. Qc2 Qe7 17. a3 Rac8 18. Nc1 Nh5 19. Nb3 Bh6 20. Rf3 Nf4 21. c5 bxc5 22. Nxc5 Rxc5 23. bxc5 Qxc5+ 24. Kh1 Rc8 25. Bf1 Ne6 26. Qb2 Nd4 27. Rd3 Ba8 28. Rad1 Bf8 29. Ne2 Re8 30. Nxd4 exd4 31. Qxd4 Qh5 32.
Re3 Bc5 33. Qd7 Rf8 34. Ree1 Bf2 35. Re2 Bg3 36. Qd4 Be5 37. Qe3 Qh4 38. Red2 Bf4 39.
Qf2 Qg5 40. Re2 Re8 41. Qf3 h5 42. Rde1 Re7 43. Rd1 Bb7 44. Rd8+ Kg7 45. Rd4 Be5 46. Rb4 Bc6 47. a4 Re6 48. Qe3 Bf4 49. Qc3+ Be5 50. Qe3 Bf4 51. Qf3 Rf6 52. Rb1 Be5 53. Qe3 Bf4 54. Qf3 Be5 55. Qe3 Bf4 56. Qc3 Be5 57.
Qb3 Qf4 58. g3 Qxg3 59. Qxg3 Bxg3 60. Bg2 Be5 61. a5 Bb5 62. Rd2 Rc6 63. Rd5 f6 64. Bf1 Bxf1 65. Rxf1 Rc4 66. Re1 Ra4 67. Kg2 Ra3 68. Rb1 Rg3+ 69. Kf2 Rxh3 70. Rb7+ Kh6 71. Rb6 Rh2+ 72. Ke3 h4 73. Rxa6 h3 74. Ra8 Kg5 75. Rd1 Ra2 76. a6 h2 77. Kf3 Ra3+ 78. Kg2 Kg4 79. a7 g5 80. Kh1 Ra2 81. Rb1 Kf3 82. Rf1+ Kxe4 83. Re1+ Kf3 84. Rf8 Rxa7 85. Rxe5 Ra1+ 86.
Kxh2 Ra2+ 87. Kh1 Ra1+ 88. Kh2 Ra2+ 89. Kh1 Ra1+ 90. Kh2 1/2-1/2

[Event "*** Titled Tuesday 3|2 Blitz (Early)"]
[Site "Chess.com"]
[Date "2017.01.03"]
[Round "5"]
[White "evgenyermolaev"]
[Black "GrigorGrigorov"]
[Result "0-1"]
[WhiteElo "2395"]
[BlackElo "2501"]
[TimeControl "180+2"]
[EndTime "12:08:20 PST"]
[Termination "GrigorGrigorov won by resignation"]

1. e3 Nf6 2. d4 c5 3. c4 cxd4 4. exd4 d5 5. Nc3 Nc6 6. Nf3 e6 7. Bg5 Be7 8. Bxf6 Bxf6 9. cxd5 exd5 10. Be2 O-O 11. O-O Be6 12. Rc1 Qb6 13. Na4 Qb4 14.
a3 Qd6 15. Nc5 Bc8 16. b4 b6 17. Nb3 Bd7 18. Bd3 g6 19. Re1 Rfe8 20. Bb5 Rxe1+ 21. Qxe1 a6 22. Bxc6 Bxc6 23. Ne5 Ba4 24. Qe3 Bxb3 25. Rc6 Qe7 26. Qxb3 Bxe5 27. dxe5 Qxe5 28.
Qd1 b5 29. Rc5 Rd8 30. Rc6 Rd6 31. Rxd6 Qxd6 32. Qd4 Qc6 33. h3 Qc4 34. Qe5 Qc1+ 35.
Kh2 Qc6 36. Qb8+ Kg7 37. Qe5+ Qf6 38. Qxd5 Qxf2 39. Qd6 Qf6 40. Qd5 h5 41. Qd3 Qe5+ 42.
Kh1 h4 43. Qf3 Qf6 44. Qe4 g5 45. Qd3 Qe5 46. Kg1 Qf4 47. Qc3+ Qf6 48. Qe3 Kg6 49. Qd3+ Kh6 50. Qd5 Kg7 51. Qd3 Qb6+ 52. Kh1 Qc6 53. Qd4+ Qf6 54. Qd3 Qa1+ 55. Kh2 Qe5+ 56. Kg1 Kf6 57.
Qf3+ Ke6 58. Qc6+ Qd6 59. Qe8+ Kf6 60. Qe4 Qd1+ 61. Kh2 Qd7 62. Qf3+ Qf5 63. Qc6+ Qe6 64. Qf3+ Ke5 65. Qe3+ Kf5 66. Qf3+ Kg6 67. Qd3+ f5 68.
Qd8 f4 69. Qd3+ Kf6 70. Qd4+ Kf5 71. Qd3+ Kf6 72. Qd4+ Qe5 73. Qd8+ Kf5 74. Qd7+ Ke4 75. Qc6+ Kd3 76. Qf3+ Kc2 77. Qc6+ Kb3 78. Qf3+ Ka4 79. Qd1+ Kxa3 80. Qd3+ Kxb4 81. Qd2+ Kc5 82. Qf2+ Qe3 83. Qc2+ Kb6 84. Qg6+ Ka5 85. Qg8 Qg3+ 86. Kg1 Qe1+ 87. Kh2 Qe5 88. Qa2+ Kb6 89. Qg8 b4 90. Qd8+ Kb5 91.
Qd7+ Ka5 92. Qd8+ Ka4 93. Qd7+ Ka3 94. Qd3+ Kb2 95. Qd2+ Kb3 96. Qd3+ Ka2 97. Qxa6+ Kb1 98. Qd3+ Kb2 99. Qd2+ Kb3 100. Qd1+ Ka3 101. Qd3+ Qc3 102. Qa6+ Kb2 103. Qe2+ Kc1 104. Qf1+ Kc2 105. Qe2+ Qd2 106. Qe4+ Kb2 107. Qe5+ Qc3 108. Qe2+ Kb3 109. Qe6+ Ka3 110. Qa6+ Kb2 111. Qe2+ Kc1 112. Qf1+ Kd2 113. Qf2+ Kd3 114. Qf3+ Kd4 115. Qf2+ Kd5 116. Qe2 Qg3+ 117. Kh1 Qe3 118. Qb5+ Qc5 119. Qd3+ Ke5 120. Qe2+ Kd6 121. Qd3+ Kc7 122. Qh7+ Kb6 123. Qg6+ Ka5 124. Qb1 Qd5 125. Qa1+ Kb5 126. Qf1+ Ka5 127. Qa1+ Kb6 128. Qf6+ Kb5 129. Qb2 b3 130. Qe2+ Kb4 131. Qe1+ Kc4 132. Qc1+ Kb5 133. Qc3 f3 0-1

[Event "*** Titled Tuesday 3|2 Blitz (Early)"]
[Site "Chess.com"]
[Date "2017.01.03"]
[Round "6"]
[White "E-Shaposhnikov"]
[Black "gmsakk"]
[Result "1-0"]
[WhiteElo "2724"]
[BlackElo "2474"]
[TimeControl "180+2"]
[EndTime "12:11:19 PST"]
[Termination "E-Shaposhnikov won by resignation"]

1. e4 c5 2. Nf3 d6 3. d4 cxd4 4.
Nxd4 Nf6 5. f3 e5 6. Nb3 d5 7.
Bg5 Be6 8. Bxf6 gxf6 9. exd5 Qxd5 10. Qxd5 Bxd5 11. Nc3 Be6 12. O-O-O Nd7 13. Nb5 Ke7 14.
Kb1 a6 15. Nd6 Rb8 16. Na5 Nc5 17. Ndxb7 Rxb7 18. Nc6+ 1-0

[Event "*** Titled Tuesday 3|2 Blitz (Early)"]
[Site "Chess.com"]
[Date "2017.01.03"]
[Round "6"]
[White "pKiLz5Rn9b"]
[Black "evgenyermolaev"]
[Result "1-0"]
[WhiteElo "2489"]
[BlackElo "2389"]
[TimeControl "180+2"]
[EndTime "12:11:43 PST"]
[Termination "pKiLz5Rn9b won by resignation"]

1. e4 c5 2. c3 d6 3. d4 Nd7 4. Nf3 g6 5. Bd3 Bg7 6. O-O Ngf6 7. Re1 O-O 8. h3 a6 9. a4 Rb8 10. a5 e5 11. dxe5 dxe5 12. c4 Re8 13.
Nc3 Nf8 14. Nd5 Nxd5 15. cxd5 b5 16. axb6 Qxb6 17. Qc2 Bb7 18. Be3 Rec8 19. Nd2 Nd7 20. Nc4 Qf6 21. Qd2 Nb6 22. Rec1 Nxc4 23. Rxc4 Bf8 24.
Rac1 1-0

[Event "*** Titled Tuesday 3|2 Blitz (Early)"]
[Site "Chess.com"]
[Date "2017.01.03"]
[Round "6"]
[White "FrankieJay"]
[Black "ZhuChenChess"]
[Result "0-1"]
[WhiteElo "2269"]
[BlackElo "2332"]
[TimeControl "180+2"]
[EndTime "12:12:31 PST"]
[Termination "ZhuChenChess won by resignation"]

1. e4 c5 2. Nf3 d6 3. d4 cxd4 4.
Nxd4 Nf6 5. Nc3 a6 6. Bg5 e6 7. f4 h6 8. Bh4 Qb6 9. a3 Nc6 10. Bf2 Qc7 11. Qf3 Be7 12. g4 Bd7 13. O-O-O Nxd4 14. Bxd4 e5 15. fxe5 dxe5 16. Qg3 Bd6 17. Be3 Bxa3 18. g5 Qxc3 19. bxa3 Nxe4 0-1

[Event "*** Titled Tuesday 3|2 Blitz (Early)"]
[Site "Chess.com"]
[Date "2017.01.03"]
[Round "6"]
[White "Andrejkin"]
[Black "162a54f5d"]
[Result "0-1"]
[WhiteElo "2182"]
[BlackElo "2391"]
[TimeControl "180+2"]
[EndTime "12:12:35 PST"]
[Termination "162a54f5d won by resignation"]

1. e4 d6 2. d4 Nf6 3. Nc3 e5 4. Nf3 Nbd7 5. Bc4 Be7 6. a4 O-O 7. O-O c6 8. Re1 a5 9. h3 Nb6 10. Bf1 exd4 11. Nxd4 Re8 12. Nf5 Bxf5 13. exf5 d5 14. g4 Nfd7 15. f4 Bc5+ 16. Kh1 Qh4 17. Re2 Nf6 18. Bd2 Rxe2 19. Qxe2 Re8 20. Qf3 h5 21. g5 Ng4 22. Bd3 Nf2+ 23. Kg1 Nxd3+ 0-1

[Event "*** Titled Tuesday 3|2 Blitz (Early)"]
[Site "Chess.com"]
[Date "2017.01.03"]
[Round "6"]
[White "Spas_Kozhuharov"]
[Black "Alexander_Moskalenko"]
[Result "0-1"]
[WhiteElo "2483"]
[BlackElo "2661"]
[TimeControl "180+2"]
[EndTime "12:12:40 PST"]
[Termination "Alexander_Moskalenko won by resignation"]

1. d4 e6 2. c4 Nf6 3. Nc3 Bb4 4. Qc2 b6 5. e4 c5 6. a3 Bxc3+ 7. bxc3 Bb7 8. Bd3 b5 9. Qb1 cxd4 10. cxd4 Nc6 11. Ne2 bxc4 12. Bxc4 Rb8 13. Bd3 Ba6 14. Qc2 Bxd3 15.
Qxd3 O-O 16. O-O d5 17. e5 Nd7 18. f4 f5 19. exf6 Qxf6 20. Be3 Nb6 21. Ng3 Nc4 22. Rad1 Nb2 0-1

[Event "*** Titled Tuesday 3|2 Blitz (Early)"]
[Site "Chess.com"]
[Date "2017.01.03"]
[Round "6"]
[White "cassoulet"]
[Black "roldieyi"]
[Result "0-1"]
[WhiteElo "2280"]
[BlackElo "2179"]
[TimeControl "180+2"]
[EndTime "12:13:16 PST"]
[Termination "roldieyi won by resignation"]

1. e4 c6 2. d4 d5 3. Nc3 dxe4 4.
Nxe4 Nf6 5. Nxf6+ exf6 6. c3 Bd6 7. Bd3 O-O 8. Qc2 Re8+ 9. Ne2 h6 10. Be3 Nd7 11. O-O-O b5 12. h4 Nb6 13. Qd2 Bf8 14.
Nf4 Nc4 15. Bxc4 bxc4 16. g4 Bxg4 17. Rdg1 h5 18. Rg3 Qa5 19. a3 Rab8 20. d5 Bxa3 21.
Qc2 Rxb2 22. Qxb2 Qxc3+ 0-1

[Event "*** Titled Tuesday 3|2 Blitz (Early)"]
[Site "Chess.com"]
[Date "2017.01.03"]
[Round "6"]
[White "AlexanderL"]
[Black "petrpalachev"]
[Result "1-0"]
[WhiteElo "2572"]
[BlackElo "2409"]
[TimeControl "180+2"]
[EndTime "12:13:17 PST"]
[Termination "AlexanderL won by resignation"]

1. d4 Nf6 2. c4 e6 3. Nc3 Bb4 4. Qc2 d5 5. a3 Bxc3+ 6. Qxc3 O-O 7. Nf3 dxc4 8. Qxc4 b6 9. Bg5 Ba6 10. Qa4 Qd7 11. Qc2 Qc6 12. Qxc6 Nxc6 13. Rc1 Bb7 14. Bxf6 gxf6 15. e3 Rfc8 16. Bb5 Ne7 17. Bd7 Rd8 18. Rxc7 Ba6 19. Bxe6 Kf8 20. Bh3 f5 21. Kd2 Nd5 22. Rcc1 f4 23. Ne5 fxe3+ 24. fxe3 Nf6 25. Bf5 Re8 26.
Rc7 Re7 27. Rxe7 Kxe7 28. Rc1 Nd5 29. e4 Nf4 30. Rc7+ Ke8 31. Rxf7 Rd8 32. Bd7+ Rxd7 33. Rxd7 1-0

[Event "*** Titled Tuesday 3|2 Blitz (Early)"]
[Site "Chess.com"]
[Date "2017.01.03"]
[Round "6"]
[White "FairChess_on_YouTube"]
[Black "Dlugy"]
[Result "0-1"]
[WhiteElo "2759"]
[BlackElo "2685"]
[TimeControl "180+2"]
[EndTime "12:14:03 PST"]
[Termination "Dlugy won by resignation"]

1. d4 d5 2. c4 dxc4 3. e4 b5 4. a4 c6 5. axb5 cxb5 6. Nc3 a6 7. Nxb5 axb5 8. Rxa8 Bb7 9. Ra1 e6 10. f3 f5 11. exf5 Nc6 12. fxe6 Nge7 13. Nh3 Nf5 14. Be2 Bb4+ 15. Kf1 Ncxd4 16. Bg5 Qd5 17. e7 Bxe7 18. Qd2 Bc5 19. Re1 O-O 20. Bd1 b4 21. Nf2 h6 22. Bf4 Ba6 23. Kg1 Rd8 24. Re5 Qxe5 0-1

[Event "*** Titled Tuesday 3|2 Blitz (Early)"]
[Site "Chess.com"]
[Date "2017.01.03"]
[Round "6"]
[White "Gordima"]
[Black "superjem123"]
[Result "0-1"]
[WhiteElo "2468"]
[BlackElo "2477"]
[TimeControl "180+2"]
[EndTime "12:14:09 PST"]
[Termination "superjem123 won by resignation"]

1. c4 g6 2. g3 Bg7 3. Bg2 c5 4.
Nc3 Nc6 5. Nf3 e6 6. O-O Nge7 7. e3 Nf5 8. b3 d5 9. cxd5 exd5 10. Ba3 b6 11. Nxd5 Qxd5 12. Nd4 Qxg2+ 13. Kxg2 cxd4 14. e4 Nfe7 15. b4 b5 16. d3 h5 17. h4 Be6 18. Bc1 O-O 19. a4 a6 20. Bd2 Ne5 21.
Qb1 bxa4 22. Rxa4 Bd7 23. Ra5 Bb5 24. Rxb5 axb5 25. f4 Ng4 26. f5 gxf5 27. exf5 Nd5 28. Kh3 Rfe8 29. Qd1 Ra2 0-1

[Event "*** Titled Tuesday 3|2 Blitz (Early)"]
[Site "Chess.com"]
[Date "2017.01.03"]
[Round "6"]
[White "Rating-Schmating"]
[Black "poummba"]
[Result "0-1"]
[WhiteElo "2275"]
[BlackElo "2419"]
[TimeControl "180+2"]
[EndTime "12:14:10 PST"]
[Termination "poummba won by checkmate"]

1. e4 c6 2. Nf3 d5 3. Nc3 Nf6 4. e5 Ne4 5. d4 Nxc3 6. bxc3 e6 7. Bd3 c5 8. O-O c4 9. Be2 Be7 10. Ne1 Nc6 11. f4 O-O 12. Nf3 b5 13. a4 b4 14.
cxb4 Bxb4 15. Ba3 a5 16. Qc1 c3 17. Qe3 Ba6 18. Ne1 Bxe2 19. Qxe2 Nxd4 20. Qe3 Qb6 21.
Nd3 Rab8 22. Bxb4 axb4 23. a5 Qa7 24. Rfb1 b3 25. cxb3 c2 26. Rc1 Ne2+ 27. Kf2 Qxe3+ 28. Kxe3 Nxc1 29. Nxc1 Rfc8 30. Kd2 Rb4 31. a6 Rxf4 32. a7 Ra8 33. Kxc2 f6 34. exf6 Rxf6 35. Nd3 Rf7 36. Re1 Re7 37. Nc5 Raxa7 38. b4 Ra2+ 39. Kd3 Rxg2 40. b5 Rxh2 41. b6 Rb2 42. b7 Rbxb7 43. Nxb7 Rxb7 44. Rxe6 Rd7 45. Kd4 h6 46. Re8+ Kf7 47.
Re5 g5 48. Rf5+ Kg6 49. Re5 g4 50. Ke3 d4+ 51. Kf2 d3 52. Re1 d2 53. Rd1 h5 54.
Kg3 Kg5 55. Rxd2 h4+ 56. Kf2 Rxd2+ 57. Kg1 h3 58. Kh1 g3 59. Kg1 Rd1# 0-1

[Event "*** Titled Tuesday 3|2 Blitz (Early)"]
[Site "Chess.com"]
[Date "2017.01.03"]
[Round "6"]
[White "Jahonas"]
[Black "Marreuh"]
[Result "0-1"]
[WhiteElo "2118"]
[BlackElo "2098"]
[TimeControl "180+2"]
[EndTime "12:15:04 PST"]
[Termination "Marreuh won by resignation"]

1. d4 d5 2. c4 e6 3. Nc3 c6 4. Nf3 dxc4 5. a4 Bb4 6. e3 b5 7. axb5 cxb5 8. Bd2 Bxc3 9. Bxc3 a5 10. b3 Bb7 11. bxc4 b4 12. Bb2 Nf6 13. Bd3 O-O 14.
O-O Nbd7 15. Re1 Qc7 16. e4 e5 17. Nxe5 Nxe5 18. dxe5 Nd7 19. f4 Nc5 20. Bc2 Rfd8 21. Qg4 b3 22. Bb1 a4 23. f5 a3 24. Bc3 b2 25. e6 f6 26. Ra2 Nd3 27. Bxd3 Rxd3 28. Bxf6 Rb3 29. e7 Qb6+ 30. Kh1 Qxf6 31. Rxa3 Rbxa3 32. e5 Ra1 0-1

[Event "*** Titled Tuesday 3|2 Blitz (Early)"]
[Site "Chess.com"]
[Date "2017.01.03"]
[Round "6"]
[White "kleinebeer98"]
[Black "VerdeNotte"]
[Result "1-0"]
[WhiteElo "1740"]
[BlackElo "2510"]
[TimeControl "180+2"]
[EndTime "12:15:40 PST"]
[Termination "kleinebeer98 won by resignation"]

1. e4 d5 2. exd5 Qxd5 3. Nf3 Nf6 4. Be2 g6 5. O-O Bg7 6. Re1 O-O 7. Nc3 Qd6 8. d4 a6 9. Bg5 Nbd7 10. Bh4 b5 11. a4 b4 12. Bg3 Qc6 13. Ne5 Nxe5 14. dxe5 bxc3 15. Bf3 Qb6 16. exf6 Bxf6 17. Bxa8 cxb2 18.
Rb1 Be6 19. Bd5 Rd8 20. Rxe6 Qa5 21. Rxf6 Rxd5 22. Qe2 exf6 23. Rxb2 Qxa4 24. Rb8+ Kg7 25. h4 Qa1+ 26. Kh2 Rd1 27. Bf4 Rh1+ 28. Kg3 Qg1 29. Qe8 g5 30. Qg8+ Kh6 31. Bxg5+ 1-0

[Event "*** Titled Tuesday 3|2 Blitz (Early)"]
[Site "Chess.com"]
[Date "2017.01.03"]
[Round "6"]
[White "NewBornNow"]
[Black "Quiet_Desperation"]
[Result "1-0"]
[WhiteElo "2567"]
[BlackElo "2362"]
[TimeControl "180+2"]
[EndTime "12:15:46 PST"]
[Termination "NewBornNow won by resignation"]

1. d4 Nf6 2. c4 e6 3. Nf3 Bb4+ 4.
Bd2 Qe7 5. Nc3 O-O 6. g3 Nc6 7. Bg2 Bxc3 8. Bxc3 Ne4 9. Rc1 Nxc3 10. Rxc3 d6 11.
O-O e5 12. d5 Nb8 13. Nd2 a5 14.
c5 Na6 15. cxd6 cxd6 16. Nc4 Bf5 17. Nxa5 Nb4 18. Rc4 Rxa5 19. Rxb4 Rxa2 20. Qb3 Ra7 21. Rc1 h6 22. e4 Bg6 23. Rbc4 f5 24. Rc7 Qf6 25. Qb6 Ra2 26. Rxb7 f4 27. h4 f3 28. Bh3 Bxe4 29. Rcc7 Ra1+ 30. Kh2 Bd3 31. Rxg7+ Kh8 32. Qc7 1-0

[Event "*** Titled Tuesday 3|2 Blitz (Early)"]
[Site "Chess.com"]
[Date "2017.01.03"]
[Round "6"]
[White "Malev212"]
[Black "Feegus"]
[Result "1-0"]
[WhiteElo "2438"]
[BlackElo "2312"]
[TimeControl "180+2"]
[EndTime "12:16:04 PST"]
[Termination "Malev212 won by checkmate"]

1. e4 c5 2. Nf3 d6 3. d4 cxd4 4.
Nxd4 Nf6 5. Nc3 a6 6. h3 e6 7. g4 d5 8. exd5 Nxd5 9. Nde2 Nc6 10. Bg2 Nxc3 11. Qxd8+ Nxd8 12. Nxc3 Bb4 13. Bd2 O-O 14.
O-O-O Nc6 15. Ne4 f5 16. gxf5 exf5 17. Ng5 Bxd2+ 18. Rxd2 h6 19. Bd5+ Kh8 20. Nf7+ Kh7 21. f4 Bd7 22. Bb3 Be8 23. Nd6 Na5 24. Be6 g6 25.
Re1 Bb5 26. c4 Ba4 27. Bd5 Rad8 28. Re7+ Kh8 29. Nf7+ Rxf7 30. Bxf7 Rc8 31. Be6 Rf8 32. b3 Bxb3 33. Rdd7 Bxc4 34. Rh7# 1-0

[Event "*** Titled Tuesday 3|2 Blitz (Early)"]
[Site "Chess.com"]
[Date "2017.01.03"]
[Round "6"]
[White "boredoldman"]
[Black "rubhani"]
[Result "0-1"]
[WhiteElo "2484"]
[BlackElo "2419"]
[TimeControl "180+2"]
[EndTime "12:16:04 PST"]
[Termination "rubhani won by resignation"]

1. d4 Nf6 2. c4 e6 3. Nc3 Bb4 4.
e3 O-O 5. Ne2 c6 6. a3 Ba5 7. b4 Bc7 8. e4 d5 9. e5 Nfd7 10. Nf4 a5 11. Ra2 axb4 12. axb4 Rxa2 13. Nxa2 c5 14. bxc5 Ba5+ 15. Qd2 Bxd2+ 16. Bxd2 dxc4 17. Bxc4 Nc6 18. Bc3 b6 19. O-O bxc5 20. dxc5 Ndxe5 21. Be2 Nd4 22. Bd1 Bb7 23. f3 Ndc6 24. Nc1 Qg5 25.
Nce2 Ng6 26. Nxg6 Qxc5+ 27. Kh1 hxg6 28. Be1 Ba6 29. Bf2 Qd5 30. Bg3 Rd8 31. Rg1 Qxd1 32.
Rxd1 Rxd1+ 33. Ng1 Nd4 34. h4 Ne2 35. Bf2 Nxg1 36. Bxg1 Rd2 37. Be3 Re2 38. Bb6 e5 39. Kg1 e4 40. fxe4 Bb7 41. Kf1 Rxe4 42. g3 g5 43.
hxg5 Rg4 44. g6 Rxg6 45. Bc7 Rc6 46. Ba5 Rc2 47. Ke1 f6 48. Kf1 Be4 49. Ke1 Kf7 50.
Kf1 Ke6 51. Be1 Kf5 52. Bf2 Kg4 53. Be1 Kf3 54. Kg1 Rc1 55. Kf1 Bd3+ 56. Kg1 Rxe1+ 57. Kh2 Kg4 58. Kg2 Re2+ 59. Kg1 Kxg3 60. Kf1 Re3+ 0-1

[Event "*** Titled Tuesday 3|2 Blitz (Early)"]
[Site "Chess.com"]
[Date "2017.01.03"]
[Round "6"]
[White "Mischuk_D"]
[Black "OparinGrigoriy"]
[Result "1-0"]
[WhiteElo "2474"]
[BlackElo "2564"]
[TimeControl "180+2"]
[EndTime "12:16:05 PST"]
[Termination "Mischuk_D won by checkmate"]

1. d4 Nf6 2. c4 e6 3. Nc3 Bb4 4.
e3 O-O 5. Ne2 d5 6. a3 Bd6 7.
Ng3 b6 8. cxd5 exd5 9. Bd3 c5 10.
O-O Nc6 11. dxc5 bxc5 12. b4 c4 13. Bc2 Bg4 14. Qd2 Re8 15. Bb2 Be6 16. Nb5 Bxg3 17.
hxg3 Ng4 18. f3 Nge5 19. Nd4 Qe7 20. g4 Rac8 21. Bc3 Nxd4 22. Qxd4 f6 23. Rfe1 Bf7 24. b5 Qd7 25. a4 Bg6 26. Bxg6 hxg6 27. e4 dxe4 28.
Rxe4 Qxd4+ 29. Rxd4 Re7 30. Kh2 Kf7 31. Kg3 Nd3 32. a5 Rc5 33. Rb1 Rb7 34. b6 axb6 35.
a6 Re7 36. Rxb6 Ne5 37. Rdd6 Rcc7 38. g5 fxg5 39. Rb7 Rxb7 40. axb7 Rxb7 41. Bxe5 Rb5 42.
Bd4 Rb3 43. Rc6 Rb4 44. Bc3 Ra4 45. Kg4 Ra2 46. g3 Ra4 47. Kxg5 Ra3 48. Rxc4 Ra7 49.
Be5 Re7 50. Rc7 Rxc7 51. Bxc7 Kg8 52. Kxg6 Kh8 53. Be5 Kg8 54. g4 Kh8 55. Bxg7+ Kg8 56. Bh6 Kh8 57. f4 Kg8 58. f5 Kh8 59. f6 Kg8 60. f7+ Kh8 61. f8=Q# 1-0

[Event "*** Titled Tuesday 3|2 Blitz (Early)"]
[Site "Chess.com"]
[Date "2017.01.03"]
[Round "6"]
[White "FearlessKing64"]
[Black "jup1978"]
[Result "0-1"]
[WhiteElo "2077"]
[BlackElo "2246"]
[TimeControl "180+2"]
[EndTime "12:16:21 PST"]
[Termination "jup1978 won on time"]

1. e4 e6 2. d4 d5 3. Nd2 Nf6 4.
e5 Nfd7 5. f4 c5 6. c3 Nc6 7.
Ndf3 cxd4 8. cxd4 Bb4+ 9. Bd2 Qa5 10. a3 Bxd2+ 11. Qxd2 Qxd2+ 12. Kxd2 a6 13. Rd1 O-O 14. Bd3 h6 15. Ne2 f6 16. Ke3 fxe5 17. fxe5 Nb6 18.
b3 Bd7 19. Rhf1 Be8 20. Nf4 Bd7 21. Ng6 Rf7 22. Nfh4 Be8 23. Nf3 Ne7 24. Nxe7+ Rxe7 25. g4 Rc8 26. Rc1 Rec7 27. Kd2 Rxc1 28. Rxc1 Rxc1 29. Kxc1 Kf8 30. Kd2 Ke7 31. Kc3 Nd7 32. Kb4 Kd8 33. Ka5 Kc7 34. a4 Nb8 35. Kb4 Nc6+ 36. Kc3 Ne7 37.
Kb4 a5+ 38. Kc3 Bg6 39. Bb5 Be4 40. Nh4 g5 41. Nf5 exf5 42. gxf5 Bxf5 43. b4 b6 44. bxa5 bxa5 45. Be2 Bd7 46. Bf3 Bxa4 0-1

[Event "*** Titled Tuesday 3|2 Blitz (Early)"]
[Site "Chess.com"]
[Date "2017.01.03"]
[Round "6"]
[White "Corpescador"]
[Black "Maitreia"]
[Result "1-0"]
[WhiteElo "2445"]
[BlackElo "2457"]
[TimeControl "180+2"]
[EndTime "12:16:22 PST"]
[Termination "Corpescador won by resignation"]

1. e4 c5 2. Nf3 g6 3. d4 cxd4 4.
Nxd4 Nc6 5. Nc3 Nf6 6. Be3 Bg7 7.
Bc4 O-O 8. Bb3 a5 9. O-O a4 10. Nxa4 Nxe4 11. Nb5 d5 12. Bb6 Qd7 13. Nc7 Rxa4 14.
Bxa4 Bxb2 15. Bb3 Bxa1 16. Qxa1 e6 17. Rd1 Ne7 18. a4 Nf5 19. a5 Qc6 20. Qe5 Qc3 21. Qf4 Bd7 22. f3 Nc5 23. Bxd5 Qe3+ 24. Qxe3 Nxe3 25. Bxc5 Nxd1 26. Bxb7 Bc8 27. Bxf8 Bxb7 28.
Bc5 Nc3 29. a6 Bc6 30. a7 Na4 31. Bd4 Kf8 32. a8=Q+ Bxa8 33. Nxa8 Ke7 34. Nb6 e5 35.
Nxa4 exd4 36. Kf2 Kd6 37. Ke2 Kd5 38. Kd3 h5 39. h4 f6 40. Nb2 g5 41. g3 f5 42. f4 gxh4 43. gxh4 Kc5 44. Nd1 Kd5 45. Nf2 Kc5 46. Nh1 1-0